 Dungeon Sprint DCSS version 0.24-a0-250-g6074511092 (webtiles) character file.

Game seed: 14410571192931503342

58 Redear the Skirmisher (level 4, -2/41 (42) HPs)
             Began as a Ghoul Fighter on Apr 15, 2019.
             Slain by a water elemental (13 damage)
             ... in the Dungeon (Sprint III: "The Ten Rune Challenge").
             The game lasted 00:01:07 (437 turns).

Redear the Skirmisher (Ghoul Fighter)                Turns: 437, Time: 00:01:07

HP:   -2/41 (42)    AC:  7    Str: 24    XL:     4   Next: 1%
MP:   3/3           EV:  9    Int:  4    God:
Gold: 30            SH:  0    Dex:  8    Spells: 3/3 levels left

rFire    . . .     SeeInvis .     - Unarmed
rCold    + . .     Gourm    .   (no shield)
rNeg     + + +     Faith    .   a - +0 scale mail
rPois    ∞         Spirit   .   (no helmet)
rElec    .         Reflect  .   (no cloak)
rCorr    .         Harm     .   (no gloves)
MR       .....     NoTele   +   (no boots)
Stlth    ..........             (no amulet)
HPRegen  0.00/turn              (no ring)
MPRegen  0.08/turn              (no ring)

@: mighty, engulfed, rotting
A: rotting body, claws 1, carnivore, cold resistance 1, negative energy
resistance 3, inhibited regeneration, torment resistance, unbreathing
a: no special abilities


You were in the Dungeon.
You were not hungry.

You visited 1 branch You collected 30 gold pieces.

Inventory:

Armour
 a - a +0 scale mail (worn)
 b - a +0 shield
Scrolls
 f - a scroll of immolation {unknown}
 g - 3 scrolls of identify
 k - a scroll of torment {unknown}
 l - a scroll of random uselessness {unknown}
 B - a scroll of blinking {@r4}
 N - 2 scrolls of remove curse
Potions
 c - a potion of might {Str+5 DMG+1d10 | @q3}
 e - 3 potions of mutation {unknown}
 h - 2 potions of magic
 i - a potion of berserk rage
 j - 2 potions of flight {unknown}
 m - a potion of brilliance {unknown}
 H - a potion of haste {@q5}
 Q - a potion of curing {@q2}
Comestibles
 z - 3 rations


   Skills:
 + Level 5.2 Fighting
 + Level 4.3 Armour
 + Level 4.3 Shields
 + Level 4.5 Unarmed Combat


You had 3 spell levels left.
You didn't know any spells.
Your spell library was empty.

Dungeon Overview and Level Annotations

Branches:
Dungeon (1/1)

Altars:


Innate Abilities, Weirdness & Mutations

Your body is rotting away.
You thrive on raw meat.
You are immune to poison.
You have sharp fingernails.
You are carnivorous and can eat meat at any time.
Your flesh is cold resistant. (rC+)
You are immune to negative energy. (rN+++)
You do not regenerate when monsters are visible.
You are immune to unholy pain and torment.
You can survive without breathing.


Message History

You open the door.
A water elemental comes into view.
Unknown command.
You barely miss the water elemental. The water elemental hits you!
You take 11 damage, and have 30/41 hp.
MASSIVE DAMAGE!!
You claw the water elemental!
The water elemental is moderately damaged.
The water elemental hits you!
The water elemental engulfs you in water!
You take 9 damage, and have 21/41 hp.
MASSIVE DAMAGE!!
You barely miss the water elemental.
The water elemental is moderately damaged.
The water elemental hits you!
* * * LOW HITPOINT WARNING * * *
You take 10 damage, and have 11/41 hp.
MASSIVE DAMAGE!!
Unknown command.
You closely miss the water elemental.
The water elemental is moderately damaged.
The water elemental hits you!
You die...

▓▓▓▓▓▓▓▓ ▓▓▓ <..#...####
##.# ...#......#####..#
..##...)...#..#..#
##.##.##...#..#..# #+#+#
##.##.###..##'#..#......
#.####.##..###..@E.⌠....
.###..##..####...#...###
#.....##..###....# ⌠.#
###..##..W##.....# .#
##..##....#......# #
#..###..##.#.....# #(.#
#..#####....# ▓▓▓▓ ▓▓▓▓
▓▓▓▓▓▓


You could see a water elemental.

Vanquished Creatures
  Jessica (D)
  A human (D)
  2 oozes (D)
  A phantom (D)
  A rat (D)
6 creatures vanquished.

Vanquished Creatures (others)
  2 draconian scorchers (D)
  6 hellions (D)
  A yaktaur (D)
  5 plants (D)
14 creatures vanquished.

Grand Total: 20 creatures vanquished

Notes
Turn   | Place    | Note
-------+----------+-------------------------------------------
     0 | D        | Redear the Ghoul Fighter began the quest for the Orb.
     0 | D        | Reached XP level 1. HP: 19/19 MP: 0/0
    15 | D        | Reached skill level 3 in Armour
    15 | D        | Reached skill level 3 in Shields
    22 | D        | Reached skill level 4 in Fighting
    22 | D        | Reached skill level 3 in Unarmed Combat
    22 | D        | Reached XP level 2. HP: 14/27 MP: 1/1
    85 | D        | Killed a hellion
    94 | D        | Killed a hellion
    95 | D        | Killed a hellion
    95 | D        | Killed a hellion
    99 | D        | Noticed Jessica
   103 | D        | Killed Jessica
   103 | D        | Reached skill level 4 in Unarmed Combat
   103 | D        | Reached XP level 3. HP: 26/34 MP: 2/2
   133 | D        | Killed a hellion
   163 | D        | Reached skill level 5 in Fighting
   163 | D        | Reached skill level 4 in Armour
   163 | D        | Reached skill level 4 in Shields
   164 | D        | Killed a white draconian scorcher
   191 | D        | Reached XP level 4. HP: 9/42 MP: 3/3
   243 | D        | Killed a white draconian scorcher
   266 | D        | Killed a hellion
   322 | D        | Killed a yaktaur
   432 | D        | Noticed a water elemental
   437 | D        | Slain by a water elemental

Levels and vault maps discovered:
D:        dungeon_sprint_mu [sprint_mu_entry_cave, sprint_mu_temple_rooms,
          sprint_mu_d1_spiders, sprint_mu_d2_genie, sprint_mu_d3_branching,
          sprint_mu_orc_legion, sprint_mu_elf_gauntlet, sprint_mu_hive_nellie,
          sprint_mu_lair_fedhas, sprint_mu_vaults_butterflies,
          sprint_mu_slime_circle, sprint_mu_swamp_cave, sprint_mu_snake_twists,
          sprint_mu_blade_basic, sprint_mu_crypt_fortress,
          sprint_mu_tomb_spiral, sprint_mu_vestibule_basic,
          sprint_mu_gehenna_hellfire, sprint_mu_dis_giant,
          sprint_mu_tartarus_statrot, sprint_mu_cocytus_islands, sprint_mu_zot1]

Skill      XL: |  1  2  3 |
---------------+----------+-----
Armour         | 3 4 |  4.3
Shields        | 3 4 |  4.3
Fighting       | 4 5 |  5.2
Unarmed Combat | 3 4 |  4.5

Action                   |  1- 3 |  4- 6 || total
-------------------------+-------+-------++-------
Melee: Unarmed           |    43 |     4 ||    47
  Use: Potion            |     1 |     1 ||     2
Armor: Scale mail        |     9 |       ||     9
Dodge: Dodged            |    14 |       ||    14

Table legend:
 A = Non-vault XP
 B = Vault XP
 C = Vault XP percentage of total XP
 D = Non-vault monster count
 E = Vault monster count
 F = Vault count percentage of total count
                 A         B        C        D         E       F
            +---------+---------+-------+---------+---------+-------
      Total |       0 |      83 | 100.0 |       0 |       6 | 100.0
            +---------+---------+-------+---------+---------+-------
          D |       0 |      83 | 100.0 |       0 |       6 | 100.0
            +---------+---------+-------+---------+---------+-------
